 Dungeon Crawl Stone Soup version 0.24.0-123-gd5b16e6ec5 (webtiles) character file.

Game seed: 9682631522082713560, levelgen mode: deterministic

53 Chiseanne the Magician (level 3, 10/24 HPs)
             Began as a Demonspawn Wizard on Jan 21, 2020.
             Quit the game on level 2 of the Dungeon.
             The game lasted 00:01:55 (1815 turns).

Chiseanne the Magician (Demonspawn Wizard)          Turns: 1815, Time: 00:01:56

Health: 10/24      AC:  4    Str:  7    XL:     3   Next: 64%
Magic:  2/8        EV: 12    Int: 20    God:
Gold:   21         SH:  0    Dex: 11    Spells: 8/9 levels left

rFire    . . .     SeeInvis .   a - +1 dagger (venom)
rCold    . . .     Gourm    .   (no shield)
rNeg     . . .     Faith    .   n - +0 robe
rPois    .         Spirit   .   b - +0 hat
rElec    .         Reflect  .   (no cloak)
rCorr    .         Harm     .   (no gloves)
MR       .....                  (no boots)
Stlth    +++.......             (no amulet)
HPRegen  0.08/turn              (no ring)
MPRegen  0.11/turn              (no ring)

@: slowed, very slow
A: slimy green scales 1, nightstalker 1
a: no special abilities


You were on level 2 of the Dungeon.
You were not hungry.

You visited 1 branch of the dungeon, and saw 2 of its levels.

You collected 21 gold pieces.

Inventory:

Hand Weapons
 a - a +1 dagger of venom (weapon)
Missiles
 c - 63 stones (quivered)
 j - 48 bolts
Armour
 b - a +0 hat (worn)
 n - a +0 robe (worn)
Jewellery
 g - a +3 ring of protection {unknown}
 o - an uncursed ring of fire {unknown}
Wands
 r - a wand of scattershot (3)
Scrolls
 f - 4 scrolls of identify {unknown}
 h - 2 scrolls of amnesia {unknown}
 i - a scroll of enchant weapon {unknown}
 l - a scroll of blinking {unknown}
 m - a scroll of fear {unknown}
Potions
 e - 2 potions of degeneration {unknown}
 k - a potion of ambrosia {unknown}
 p - a potion of flight {unknown}
Comestibles
 d - 4 rations
 q - 3 chunks of flesh


   Skills:
 - Level 1.7 Dodging
 - Level 1.7 Stealth
 * Level 3.8 Spellcasting
 * Level 2.5 Conjurations
   Level 1.0 Summonings
   Level 0.8 Translocations


You had 8 spell levels left.
You knew the following spells:

 Your Spells              Type           Power        Failure   Level  Hunger
a - Magic Dart            Conj           ##..         4%          1    None

Your spell library contained the following spells:

 Spells                   Type           Power        Failure   Level  Hunger
 Call Imp                 Summ           #.......     13%         2    ##.....
 Blink                    Tloc           N/A          14%         2    ##.....
 Slow                     Hex            #.......     21%         2    ##.....
 Conjure Flame            Conj/Fire      #.......     24%         3    ###....
 Mephitic Cloud           Conj/Pois/Air  #.......     28%         3    ###....


Dungeon Overview and Level Annotations

Branches:
Dungeon (2/15)

Altars:


Innate Abilities, Weirdness & Mutations

You are partially covered in slimy green scales. (AC +2)
You are slightly more attuned to the shadows.


Message History

Aiming: Magic Dart (safe; 6% risk of failure)
Press: ? - help, Shift-Dir - straight line, f/p - Natasha
Aim: Natasha (severely wounded, poisoned)
The magic dart hits Natasha.
Natasha is severely wounded.
Natasha claws you.
Casting: Magic Dart (safe; 6% risk of failure)
Confirm with . or Enter, or press ? or * to list all spells.
Aiming: Magic Dart (safe; 6% risk of failure)
Press: ? - help, Shift-Dir - straight line, f/p - Natasha
Aim: Natasha (almost dead, poisoned)
The magic dart hits Natasha.
You kill Natasha!
Natasha yowls pathetically as she dies!
You have reached level 3!
Your experience leads to an increase in your attributes!
Increase (S)trength, (I)ntelligence, or (D)exterity?
You feel clever.
Your demonic ancestry asserts itself...
You slip into the darkness of the dungeon.
Are you sure you want to abandon this character and quit the game? (Confirm with "yes".)

#.............##.
####...#.####.
#############..........
#.................#####
##.....########.####
....... #.# #.....
######.#
#....†###......#
#...@...######
.....####### ###


There were no monsters in sight!

Vanquished Creatures
  Natasha (D:2)
  2 worms (D:2)
  A leopard gecko (D:1)
  A giant cockroach (D:2)
  A goblin (D:2)
  A hobgoblin (D:1)
  5 kobolds (D:1)
  5 bats (D:1)
  3 frilled lizards
  3 rats (D:2)
23 creatures vanquished.

Notes
Turn   | Place    | Note
-------+----------+-------------------------------------------
     0 | D:1      | Chiseanne the Demonspawn Wizard began the quest for the
                  | Orb.
     0 | D:1      | Reached XP level 1. HP: 13/13 MP: 4/4
   566 | D:1      | Gained mutation: You are partially covered in slimy green
                  | scales. (AC +2) [demonic ancestry]
   566 | D:1      | Reached XP level 2. HP: 14/19 MP: 0/6
  1804 | D:2      | Noticed Natasha
  1814 | D:2      | Killed Natasha
  1814 | D:2      | Gained mutation: You are slightly more attuned to the
                  | shadows. [demonic ancestry]
  1814 | D:2      | Reached XP level 3. HP: 10/24 MP: 2/8
  1815 | D:2      | Quit the game

Levels and vault maps discovered:
D:1:      dpeg_arrival_shrine, layout_loops_ring
D:2:      layout_loops_ring, first_ration, uniq_natasha

Skill      XL: |  1  2 |
---------------+-------+-----
Conjurations   | 2 |  2.5
Dodging        | |  1.7
Stealth        | |  1.7
Spellcasting   | |  3.8
Summonings     | |  1.0
Translocations | |  0.8

Action                   || total
-------------------------++-------
Melee: Club              ||     7
       Unarmed           ||     4
       Dagger            ||    10
 Cast: Magic Dart        ||    60
  Eat: Chunk             ||     3
Armor: Robe              ||     3
Dodge: Dodged            ||    16
